TOP OF THE 1ST |
Albuquerque Isotopes batting - Pitching for New Orleans Zephyrs : RHP Ray Duncan
|
Pitching: RHP Ray Duncan
|
|
Batting: LHB Tony Morales
|
0-0: Ball 1-0: Fly out, F7 (Flyball, 78S, EV 79.4 MPH)
|
Batting: LHB Mike Staley
|
0-0: Called Strike 0-1: Ball 1-1: Ground out 5-3 (Groundball, 56, EV 96.9 MPH)
|
Batting: LHB Katsunan Akimoto
|
0-0: Ball 1-0: Foul Ball, location: 2F 1-1: Called Strike 1-2: SINGLE (Flyball, 56D, EV 83.8 MPH)
|
Batting: RHB Ben Alspach
|
0-0: Called Strike 0-1: Ball 1-1: Foul Ball, location: 2F 1-2: Ball 2-2: Ball 3-2: Ground out 5-3 (Groundball, 56, EV 106.3 MPH)
|
Top of the 1st over - 0 runs, 1 hit, 0 errors, 1 left on base; Albuquerque 0 - New Orleans 0 |
BOTTOM OF THE 1ST |
New Orleans Zephyrs batting - Pitching for Albuquerque Isotopes : RHP Calvin Hightower
|
Pitching: RHP Calvin Hightower
|
|
Batting: RHB Bill de Jesus
|
0-0: Ball 1-0: SINGLE (Groundball, 6MD, EV 95.6 MPH)
|
Batting: SHB Ramon Martinez
|
0-0: Ball 1-0: Ball 2-0: Called Strike 2-1: Swinging Strike 2-2: Ball 3-2: Base on Balls Bill de Jesus to second
|
Batting: RHB Omar Contreras
|
0-0: Ball 1-0: Fly out, F9 (Flyball, 9, EV 89.4 MPH) Runner from 2nd tags up, OUT at 3rd! 9-5
|
Batting: RHB Alex Gomez
|
0-0: Ball 1-0: Called Strike 1-1: Called Strike 1-2: Ball 2-2: SINGLE (Line Drive, 78S, EV 98.8 MPH) Ramon Martinez to second
|
Batting: RHB Chris Lee
|
0-0: Called Strike 0-1: Called Strike 0-2: SINGLE (Groundball, 6S, EV 98.1 MPH) Ramon Martinez to third Alex Gomez to second Runner from 3rd tries for Home, SAFE, throw by CF to home
|
Batting: RHB Jesus Castillo
|
0-0: Fly out, F4 (Popup, 4MS, EV 73.8 MPH)
|
Bottom of the 1st over - 1 run, 3 hits, 0 errors, 2 left on base; Albuquerque 0 - New Orleans 1 |
TOP OF THE 2ND |
Albuquerque Isotopes batting - Pitching for New Orleans Zephyrs : RHP Ray Duncan
|
Batting: SHB Bradley Barrowcliff
|
0-0: Foul Ball, location: 2F 0-1: Swinging Strike 0-2: Ball 1-2: Ball 2-2: Ground out 5-3 (Groundball, 56S, EV 73.8 MPH)
|
Batting: RHB Ron Johansen
|
0-0: Called Strike 0-1: Foul Ball, location: 2F 0-2: Foul Ball, location: 2F 0-2: Ball 1-2: Ground out 4-3 (Groundball, 4, EV 93.8 MPH)
|
Batting: LHB Enrique Andrade
|
0-0: Ball 1-0: SINGLE (Flyball, 5D, EV 91.9 MPH)
|
Batting: RHB Logan Morgan
|
0-0: Ball 1-0: SINGLE (Groundball, 6M, EV 108.1 MPH) (infield hit) Enrique Andrade to second
|
Batting: RHB Bobby Heagle
|
0-0: Ball 1-0: Ball 2-0: Ground out 1-3 (Groundball, P, EV 63.8 MPH)
|
Top of the 2nd over - 0 runs, 2 hits, 0 errors, 2 left on base; Albuquerque 0 - New Orleans 1 |
BOTTOM OF THE 2ND |
New Orleans Zephyrs batting - Pitching for Albuquerque Isotopes : RHP Calvin Hightower
|
Batting: RHB Gebre-Giorgios Tikolo
|
0-0: Called Strike 0-1: SINGLE (Groundball, 6, EV 96.3 MPH)
|
Batting: RHB Katsutaka Inouye
|
0-0: Called Strike 0-1: Grounds into double play, 5-4-3 (Groundball, 56, EV 109.4 MPH)
|
Batting: RHB Humberto Oros
|
0-0: Fly out, F9 (Flyball, 89D, EV 98.1 MPH)
|
Bottom of the 2nd over - 0 runs, 1 hit, 0 errors, 0 left on base; Albuquerque 0 - New Orleans 1 |
TOP OF THE 3RD |
Albuquerque Isotopes batting - Pitching for New Orleans Zephyrs : RHP Ray Duncan
|
Batting: LHB Tony Morales
|
0-0: Called Strike 0-1: Ball 1-1: Ball 2-1: Called Strike 2-2: Foul Ball, location: 2F 2-2: Ball 3-2: Strikes out swinging
|
Batting: LHB Mike Staley
|
0-0: Ball 1-0: DOUBLE (Groundball, 5L, EV 98.8 MPH)
|
Batting: LHB Katsunan Akimoto
|
0-0: Ball 1-0: Called Strike 1-1: Ball 2-1: Ground out 5-3 (Groundball, 6, EV 83.1 MPH) Mike Staley to third
|
Batting: RHB Ben Alspach
|
0-0: Called Strike 0-1: Swinging Strike 0-2: Foul Ball, location: 2F 0-2: Foul Ball, location: 2F 0-2: Foul Ball, location: 2F 0-2: Foul Ball, location: 2F 0-2: Strikes out swinging
|
Top of the 3rd over - 0 runs, 1 hit, 0 errors, 1 left on base; Albuquerque 0 - New Orleans 1 |
BOTTOM OF THE 3RD |
New Orleans Zephyrs batting - Pitching for Albuquerque Isotopes : RHP Calvin Hightower
|
Batting: RHB Bill de Jesus
|
0-0: Foul Ball, location: 2F 0-1: Ground out 3-1 (Groundball, 34, EV 81.9 MPH)
|
Batting: SHB Ramon Martinez
|
0-0: Called Strike 0-1: Ball 1-1: Called Strike 1-2: Reached on error, E6 (Groundball, 4M, EV 108.8 MPH)
|
Batting: RHB Omar Contreras
|
0-0: Called Strike 0-1: Ball 1-1: Ball 2-1: Foul Ball, location: 2F 2-2: Grounds into double play, 4-6-3 (Groundball, 4S, EV 77.5 MPH)
|
Bottom of the 3rd over - 0 runs, 0 hits, 1 error, 0 left on base; Albuquerque 0 - New Orleans 1 |
TOP OF THE 4TH |
Albuquerque Isotopes batting - Pitching for New Orleans Zephyrs : RHP Ray Duncan
|
Batting: SHB Bradley Barrowcliff
|
0-0: Ball 1-0: Ground out 5-3 (Groundball, 6S, EV 61.3 MPH)
|
Batting: RHB Ron Johansen
|
0-0: Called Strike 0-1: Swinging Strike 0-2: Ball 1-2: Strikes out swinging
|
Batting: LHB Enrique Andrade
|
0-0: Ball 1-0: Called Strike 1-1: SINGLE (Groundball, 56S, EV 63.8 MPH) (infield hit)
|
Batting: RHB Logan Morgan
|
0-0: Ball 1-0: Foul Ball, location: 2F 1-1: Ball 2-1: Fly out, F6 (Flyball, 56D, EV 88.8 MPH)
|
Top of the 4th over - 0 runs, 1 hit, 0 errors, 1 left on base; Albuquerque 0 - New Orleans 1 |
BOTTOM OF THE 4TH |
New Orleans Zephyrs batting - Pitching for Albuquerque Isotopes : RHP Calvin Hightower
|
Batting: RHB Alex Gomez
|
0-0: SINGLE (Line Drive, 6D, EV 95.6 MPH)
|
Batting: RHB Chris Lee
|
0-0: Ball 1-0: Ball 2-0: SINGLE (Groundball, 56, EV 99.4 MPH) (infield hit) Alex Gomez to second
|
Batting: RHB Jesus Castillo
|
0-0: Ball 1-0: Fly out, F9 (Flyball, 9, EV 83.1 MPH)
|
Batting: RHB Gebre-Giorgios Tikolo
|
0-0: Fielders Choice at 2nd, 6-4 (Groundball, 6, EV 84.4 MPH) Alex Gomez to third
|
Batting: RHB Katsutaka Inouye
|
0-0: Ball 1-0: Ground out U3 (Groundball, 3, EV 100.0 MPH)
|
Bottom of the 4th over - 0 runs, 2 hits, 0 errors, 2 left on base; Albuquerque 0 - New Orleans 1 |
TOP OF THE 5TH |
Albuquerque Isotopes batting - Pitching for New Orleans Zephyrs : RHP Ray Duncan
|
Batting: RHB Bobby Heagle
|
0-0: Swinging Strike 0-1: Swinging Strike 0-2: Ball 1-2: Ball 2-2: Strikes out swinging
|
Batting: LHB Tony Morales
|
0-0: SOLO HOME RUN (Flyball, 9D, EV 94.4 MPH), Distance : 363 ft
|
Batting: LHB Mike Staley
|
0-0: Ball 1-0: Called Strike 1-1: Swinging Strike 1-2: Ground out 4-3 (Groundball, 4, EV 86.3 MPH)
|
Batting: LHB Katsunan Akimoto
|
0-0: Ball 1-0: Foul Ball, location: 2F 1-1: Called Strike 1-2: Ball 2-2: Ball 3-2: Base on Balls
|
Batting: RHB Ben Alspach
|
0-0: Foul Ball, location: 2F 0-1: Swinging Strike 0-2: Ball 1-2: Ball 2-2: Ball 3-2: Base on Balls Katsunan Akimoto to second
|
Batting: SHB Bradley Barrowcliff
|
0-0: Ball 1-0: Ball 2-0: Ball 3-0: Called Strike 3-1: Called Strike 3-2: Foul Ball, location: 2F 3-2: Ground out 4-3 (Groundball, 4, EV 88.8 MPH)
|
Top of the 5th over - 1 run, 1 hit, 0 errors, 2 left on base; Albuquerque 1 - New Orleans 1 |
BOTTOM OF THE 5TH |
New Orleans Zephyrs batting - Pitching for Albuquerque Isotopes : RHP Calvin Hightower
|
Batting: RHB Humberto Oros
|
0-0: Ball 1-0: Foul Ball, location: 2F 1-1: Reached on error, E6 (Groundball, 6, EV 81.9 MPH)
|
Batting: RHB Bill de Jesus
|
0-0: Ball 1-0: Swinging Strike 1-1: Ground out 6-3 (Groundball, 56, EV 80.6 MPH)
|
Batting: SHB Ramon Martinez
|
0-0: Ball 1-0: Ball 2-0: Called Strike 2-1: Ground out 4-3 (Groundball, 4, EV 108.8 MPH) Humberto Oros to third
|
Batting: RHB Omar Contreras
|
0-0: Ball 1-0: Ball 2-0: Ball 3-0: Fly out, F1 (Line Drive, P, EV 66.9 MPH)
|
Bottom of the 5th over - 0 runs, 0 hits, 1 error, 1 left on base; Albuquerque 1 - New Orleans 1 |
TOP OF THE 6TH |
Albuquerque Isotopes batting - Pitching for New Orleans Zephyrs : RHP Ray Duncan
|
Batting: RHB Ron Johansen
|
0-0: Ball 1-0: Ball 2-0: Foul Ball, location: 2F 2-1: Swinging Strike 2-2: Foul Ball, location: 2F 2-2: Foul Ball, location: 2F 2-2: Ground out 5-3 (Groundball, 56, EV 102.5 MPH)
|
Batting: LHB Enrique Andrade
|
0-0: Swinging Strike 0-1: Ball 1-1: Ball 2-1: Ground out 4-3 (Groundball, 4, EV 80.6 MPH)
|
Batting: RHB Logan Morgan
|
0-0: Ball 1-0: Called Strike 1-1: Foul Ball, location: 2F 1-2: SINGLE (Groundball, 56, EV 100.0 MPH)
|
Pitching: LHP Yoriyuki Sugai
|
|
Batting: RHB Bobby Heagle
|
0-0: Foul Ball, location: 2F 0-1: Ball 1-1: Ball 2-1: Ball Logan Morgan steals 2nd base 3-1: Ground out 3-1 (Groundball, 34S, EV 88.1 MPH)
|
Top of the 6th over - 0 runs, 1 hit, 0 errors, 1 left on base; Albuquerque 1 - New Orleans 1 |
BOTTOM OF THE 6TH |
New Orleans Zephyrs batting - Pitching for Albuquerque Isotopes : RHP Calvin Hightower
|
Batting: RHB Alex Gomez
|
0-0: Called Strike 0-1: Swinging Strike 0-2: Foul Ball, location: 2F 0-2: Ball 1-2: SINGLE (Line Drive, 6D, EV 94.4 MPH)
|
Batting: RHB Chris Lee
|
0-0: Called Strike 0-1: Ball 1-1: Called Strike 1-2: Foul Ball, location: 2F 1-2: Ball 2-2: SINGLE (Groundball, 6, EV 96.9 MPH) Alex Gomez to second
|
Batting: RHB Jesus Castillo
|
0-0: Grounds into double play, 6-4-3 (Groundball, 6, EV 101.3 MPH) Alex Gomez to third
|
Batting: RHB Gebre-Giorgios Tikolo
|
0-0: Foul Ball, location: 2F 0-1: Foul Ball, location: 2F 0-2: Ball 1-2: Foul Ball, location: 2F 1-2: Ball 2-2: Foul Ball, location: 2F 2-2: Ball 3-2: Foul Ball, location: 2F 3-2: 2-RUN HOME RUN (Flyball, 7D, EV 102.5 MPH), Distance : 405 ft
|
Batting: RHB Katsutaka Inouye
|
0-0: SINGLE (Groundball, 4MD, EV 97.5 MPH)
|
Batting: RHB Humberto Oros
|
0-0: Fielders Choice at 2nd, 5-4 (Groundball, 56, EV 81.3 MPH)
|
Bottom of the 6th over - 2 runs, 4 hits, 0 errors, 1 left on base; Albuquerque 1 - New Orleans 3 |
TOP OF THE 7TH |
Albuquerque Isotopes batting - Pitching for New Orleans Zephyrs : LHP Yoriyuki Sugai
|
Batting: LHB Tony Morales
|
0-0: Called Strike 0-1: Ball 1-1: Ball 2-1: Ball 3-1: Called Strike 3-2: Fly out, F9 (Flyball, 9S, EV 75.6 MPH)
|
Batting: LHB Mike Staley
|
0-0: Ball 1-0: Foul Ball, location: 2F 1-1: Foul Ball, location: 2F 1-2: Ball 2-2: Foul Ball, location: 2F 2-2: SINGLE (Groundball, 56, EV 98.8 MPH)
|
Batting: LHB Katsunan Akimoto
|
0-0: Called Strike 0-1: Ball 1-1: Ball 2-1: Ball 3-1: Fly out, F9 (Flyball, 9D, EV 88.8 MPH)
|
Batting: RHB Ben Alspach
|
0-0: Called Strike Mike Staley steals 2nd base (no throw) 0-1: Ball 1-1: Swinging Strike 1-2: Strikes out swinging
|
Top of the 7th over - 0 runs, 1 hit, 0 errors, 1 left on base; Albuquerque 1 - New Orleans 3 |
BOTTOM OF THE 7TH |
New Orleans Zephyrs batting - Pitching for Albuquerque Isotopes : RHP Calvin Hightower
|
Batting: RHB Bill de Jesus
|
0-0: Called Strike 0-1: Ball 1-1: Ball 2-1: DOUBLE (Line Drive, 78D, EV 100.6 MPH)
|
Batting: SHB Ramon Martinez
|
0-0: Foul Ball, location: 2F 0-1: Bunt missed! 0-2: Foul Ball, location: 2F 0-2: Foul Ball, location: 2F 0-2: Foul Ball, location: 2F 0-2: Ball 1-2: Ball 2-2: Foul Ball, location: 2F 2-2: Fly out, F2 (Popup, 25F, EV 48.8 MPH)
|
Batting: RHB Omar Contreras
|
0-0: Ball 1-0: Ball 2-0: Foul Ball, location: 2F 2-1: Single, Error in OF, E8, batter to second base (Line Drive, 8LS, EV 103.8 MPH) Bill de Jesus scores
|
Batting: RHB Alex Gomez
|
0-0: Ball 1-0: Ball 2-0: SINGLE (Line Drive, 8RS, EV 95.0 MPH) Omar Contreras to third Runner from 3rd tries for Home, SAFE, throw by CF to home
|
Pitching: LHP Jorge Segarra
|
|
Batting: RHB Chris Lee
|
0-0: Foul Ball, location: 2F 0-1: Foul Ball, location: 2F 0-2: Ball 1-2: Ball 2-2: Foul Ball, location: 2F 2-2: Ball 3-2: Base on Balls Alex Gomez to second
|
Batting: RHB Jesus Castillo
|
0-0: Ball 1-0: Ball 2-0: SINGLE (Groundball, 56, EV 96.3 MPH) Alex Gomez to third Chris Lee to second Runner from 3rd tries for Home, SAFE, throw by LF to home
|
Batting: RHB Gebre-Giorgios Tikolo
|
0-0: SINGLE (Groundball, 6M, EV 98.1 MPH) Chris Lee to third Jesus Castillo to second Throwing error, E8 Chris Lee scores Jesus Castillo to third Gebre-Giorgios Tikolo to second
|
Batting: RHB Katsutaka Inouye
|
0-0: Ball 1-0: Ball 2-0: Called Strike 2-1: Foul Ball, location: 2F 2-2: Strikes out swinging
|
Batting: RHB Humberto Oros
|
0-0: Ball 1-0: Foul Ball, location: 2F 1-1: Swinging Strike 1-2: Fly out, F8 (Line Drive, 8RD, EV 93.1 MPH)
|
Bottom of the 7th over - 4 runs, 5 hits, 2 errors, 2 left on base; Albuquerque 1 - New Orleans 7 |
TOP OF THE 8TH |
Albuquerque Isotopes batting - Pitching for New Orleans Zephyrs : LHP Yoriyuki Sugai
|
Batting: SHB Bradley Barrowcliff
|
0-0: Ground out 5-3 (Groundball, 56, EV 101.9 MPH)
|
Batting: RHB Ron Johansen
|
0-0: Called Strike 0-1: Ball 1-1: Ball 2-1: Ball 3-1: Ground out 4-3 (Groundball, 4, EV 103.1 MPH)
|
Batting: LHB Enrique Andrade
|
0-0: Called Strike 0-1: Foul Ball, location: 2F 0-2: Ball 1-2: Ground out 4-3 (Groundball, 4, EV 88.1 MPH)
|
Top of the 8th over - 0 runs, 0 hits, 0 errors, 0 left on base; Albuquerque 1 - New Orleans 7 |
BOTTOM OF THE 8TH |
New Orleans Zephyrs batting - Pitching for Albuquerque Isotopes : LHP Jorge Segarra
|
Batting: RHB Bill de Jesus
|
0-0: Called Strike 0-1: Ball 1-1: Ball 2-1: Swinging Strike 2-2: Ball 3-2: DOUBLE (Groundball, 5L, EV 103.1 MPH)
|
Batting: SHB Ramon Martinez
|
0-0: Called Strike 0-1: SINGLE (Groundball, 4MD, EV 103.8 MPH) Bill de Jesus to third Runner from 3rd tries for Home, SAFE, throw by CF to home Ramon Martinez to second
|
Batting: RHB Omar Contreras
|
0-0: Called Strike 0-1: Ball 1-1: Ball 2-1: Ball 3-1: Foul Ball, location: 2F 3-2: Foul Ball, location: 2F 3-2: Foul Ball, location: 2F 3-2: Strikes out swinging
|
Pitching: RHP Jason Hamlyn
|
|
Batting: RHB Alex Gomez
|
0-0: Fly out, F5 (Popup, 5F, EV 65.6 MPH)
|
Batting: RHB Chris Lee
|
0-0: Ground out 5-3 (Groundball, 56S, EV 79.4 MPH)
|
Bottom of the 8th over - 1 run, 2 hits, 0 errors, 1 left on base; Albuquerque 1 - New Orleans 8 |
TOP OF THE 9TH |
Albuquerque Isotopes batting - Pitching for New Orleans Zephyrs : LHP Yoriyuki Sugai
|
Pitching: RHP Al Mendoza
|
|
Batting: RHB Logan Morgan
|
0-0: Ground out U3 (Groundball, 34, EV 103.8 MPH)
|
Batting: RHB Bobby Heagle
|
0-0: Called Strike 0-1: Called Strike 0-2: Ball 1-2: Foul Ball, location: 2F 1-2: SINGLE (Flyball, 8RS, EV 92.5 MPH)
|
Batting: LHB Tony Morales
|
0-0: Called Strike 0-1: Called Strike 0-2: Foul Ball, location: 2F 0-2: Ball 1-2: Foul Ball, location: 2F 1-2: Foul Ball, location: 2F 1-2: Foul Ball, location: 2F 1-2: Ball 2-2: Ball 3-2: DOUBLE (Flyball, 78XD, EV 96.9 MPH) Bobby Heagle to third
|
Batting: LHB Mike Staley
|
0-0: Ball 1-0: Called Strike 1-1: Ball 2-1: Fly out, F8 (Line Drive, 8LM, EV 90.6 MPH)
|
Batting: LHB Katsunan Akimoto
|
0-0: Foul Ball, location: 2F 0-1: Ball 1-1: Fly out, F7 (Flyball, 78S, EV 84.4 MPH)
|
Top of the 9th over - 0 runs, 2 hits, 0 errors, 2 left on base; Albuquerque 1 - New Orleans 8 |
|